AoeStats
← El Toti

Lombardia

509435987Analyzed
2v2 RM · 7d ago on Sep 26, 2026· 29m 16s· 4 players
Game mode
Random Map
Map size
Medium (4 player)
Population
200
Speed
Normal
Resources
Standard
Victory
Conquest
Starting age
Dark Age
Ending age
Imperial Age
RankedLock teamsTeams togetherTeam positionsShared explorationLock speedFull tech treeHidden civsTurbo modeCheats
Victory
Defeat
🇦🇷 Maya · Argentina
1660
+13
🇩🇪 Slavs · Germany
1565
+17
🇻🇪 Ethiopians · Venezuela
1658
-17
🇺🇸 Slavs · United States
1532
-13
El Toti
6:40 Loom
9:00 Feudal Age
9:45 Double-Bit Axe
13:07 Scale Barding Armor
16:37 Wheelbarrow
16:53 Forging
20:17 Gold Mining
21:16 Horse Collar
23:38 Castle Age
22:09 Bloodlines
24:41 Chain Barding Armor
24:22 Husbandry
27:36 Bow Saw
burneR
6:47 Loom
9:18 Feudal Age
9:22 Man-at-Arms
9:48 Double-Bit Axe
17:25 Forging
19:29 Fletching
23:00 Castle Age
21:11 Padded Archer Armor
21:24 Gold Mining
23:06 Crossbowman
23:42 Bodkin Arrow
Ra
6:02 Loom
8:29 Feudal Age
8:59 Double-Bit Axe
13:18 Fletching
13:40 Forging
13:42 Scale Barding Armor
14:33 Horse Collar
18:32 Forging
23:41 Castle Age
21:43 Gold Mining
22:27 Bloodlines
22:39 Stone Mining
23:46 Light Cavalry
24:50 Chain Barding Armor
25:11 Bow Saw
27:41 Iron Casting
27:12 Husbandry
Voit3ch_
0:31 Loom
9:50 Feudal Age
10:26 Double-Bit Axe
14:16 Fletching
16:30 Padded Archer Armor
21:19 Castle Age
19:35 Gold Mining
21:22 Crossbowman
21:58 Bodkin Arrow
22:31 Bow Saw
23:23 Ballistics
24:04 Leather Archer Armor
26:29 Thumb Ring
27:14 Bow Saw
28:30 Wheelbarrow
Connection lost

Rejoining the realm…

Still unreachable

The connection could not be restored.

Session expired

The server has moved on; the page needs a fresh start.